Workbook

Sheet BDI (24,19%)
B4: Quadro de Composição do BDI
B6: Construção e Reforma de Edifícios
B8: Conforme legislação tributária municipal, definir estimativa de percentual da base de cálculo para o ISS: | G8: 1
B9: Sobre a base de cálculo, definir a respectiva alíquota do ISS (entre 2% e 5%): | G9: 0.05
B11: Itens | C11: Siglas | D11: Preencher percentuais das parcelas do BDI | E11: Situação intervalo admissível | F11: 1º Quartil | G11: Médio | H11: 3º Quartil
B12: Administração Central | C12: AC | D12: 0.035 | E12: - | F12: 0.03 | G12: 0.04 | H12: 0.055
B13: Seguro e Garantia | C13: SG | D13: 0.008 | E13: - | F13: 0.008 | G13: 0.008 | H13: 0.01
B14: Risco | C14: R | D14: 0.0127 | E14: - | F14: 0.0097 | G14: 0.0127 | H14: 0.0127
B15: Despesas Financeiras | C15: DF | D15: 0.0123 | E15: - | F15: 0.0059 | G15: 0.0123 | H15: 0.0139
B16: Lucro | C16: L | D16: 0.0616 | E16: - | F16: 0.0616 | G16: 0.074 | H16: 0.0896
B17: Tributos (impostos COFINS 3%, e PIS 0,65%) | C17: CP | D17: 0.0365 | E17: =IF(AND(D17>=F17, D17<=H17), "OK", "Não OK") -> OK | F17: 0.0365 | G17: 0.0365 | H17: 0.0365
B18: Tributos (ISS, variável de acordo com o município) | C18: ISS | D18: =G9*G8 -> 0.05 | E18: =IF(AND(D18>=F18, D18<=H18), "OK", "Não OK") -> OK | F18: 0 | G18: 0.025 | H18: 0.05
B19: Tributos (Contribuição Previdenciária - 0% ou 4,5%, conforme Lei 13.161/2015 - Desoneração) | C19: CPRB | D19: 0 | E19: =IF(AND(D19>=F19, D19<=H19), "OK", "Não OK") -> OK | F19: 0 | G19: 0.02 | H19: 0.045
B20: Fórmula de BDI adotado conforme Acórdão TCU | C20: BDI PAD | D20: =ROUND((((1+D12+D13+D14)*(1+D15)*(1+D16)/(1-(D17+D18)))-1),4) -> 0.2419 | E20: =IF(AND(D20>=F20, D20<=H20), "OK", "Não OK") -> OK | F20: 0.2034 | G20: 0.2212 | H20: 0.25
B21: BDI SINAPI DESONERADO (A ser aplicado na Planilha Orçamentária) | C21: BDI DES | D21: =ROUND((((1+D12+D13+D14)*(1+D15)*(1+D16)/(1-(D17+D18+D19)))-1),4) -> 0.2419 | E21: =IF(COUNTIF($E$12:$E$20,"NÃO OK")>0,"NÃO OK","OK") -> OK
B23: Os valores de BDI foram calculados com o emprego da fórmula abaixo:
B25: Declaro para os devidos fins que, conforme legislação tributária municipal, a base de cálculo para Construção e Reforma de Edifícios, é de 50%, com a respectiva alíquota de 5%.
B26: Declaro para os devidos fins que para o cálculo deste BDI, optamos pelo Orçamento SEM DESONERAÇÃO, e que esta alternativa é a mais adequada para a Administração Pública.

Sheet Planilha
B4: PLANILHA ORÇAMENTÁRIA - SEM DESONERAÇÃO | I4: 46147
B7: Unidade | C7: UBS VETORAZZO | I7: BDI= | J7: ='BDI (24,19%)'!D21 -> 0.2419
B8: Objeto | C8: REFORMA DA ILUMINAÇÃO EXTERNA
B9: Local | C9: AV. FORTUNATO ERNESTO VETORAZZO, 711
C10: JARDIM VETORAZZO | G10: Cidade: | H10: SÃO JOSÉ DO RIO PRETO - SP
B12: REF.: PREÇOS: SINAPI-MAR./2026; CDHU-BOL.201; FDE-JAN./2026; ORSE-FEV./2026
B14: ITEM | C14: FONTE | D14: CÓDIGO | E14: DESCRIÇÃO | F14: UNID | G14: QUANT | H14: CUSTO UNITÁRIO (R$) | I14: UNITÁRIO COM BDI (R$) | J14: VALOR TOTAL COM BDI (R$)
B15: 1 | E15: EXECUÇÃO
B16: 1.1 | E16: DEMOLIÇÃO E RETIRADAS. | J16: =SUM(J17:J17) -> 47.7
B17: 1.1.1 | C17: FDE | D17: 09.64.006 | E17: RETIRADA DE APARELHOS DE ILUMINACAO, PLAFONS E PENDENTES P/LAMPADAS FLUORESCENTES | F17: UN | G17: 10 | H17: 3.84 | I17: =ROUND(ROUND(H17,2)*(1+J$7),2) -> 4.77 | J17: =ROUND(G17*I17,2) -> 47.7
B18: 1.2 | E18: TELHAMENTO | J18: =SUM(J19:J26) -> 7925.4
B19: 1.2.1 | C19: COMP. | D19: COMP.001 | E19: REFLETOR SLIM LED 100W DE POTÊNCIA, BRANCO FRIO, 6500K, AUTOVOLT, MARCA G-LIGHT OU SIMILAR | F19: UN | G19: 14 | H19: 92.37 | I19: =ROUND(ROUND(H19,2)*(1+J$7),2) -> 114.71 | J19: =ROUND(G19*I19,2) -> 1605.94
B20: 1.2.2 | C20: SINAPI | D20: 101632 | E20: RELÉ FOTOELÉTRICO PARA COMANDO DE ILUMINAÇÃO EXTERNA 1000 W - FORNECIMENTO E INSTALAÇÃO. AF_02/2025 | F20: UN | G20: 6 | H20: 30.58 | I20: =ROUND(ROUND(H20,2)*(1+J$7),2) -> 37.98 | J20: =ROUND(G20*I20,2) -> 227.88
B21: 1.2.3 | C21: SINAPI | D21: 91927 | E21: CABO DE COBRE FLEXÍVEL ISOLADO, 2,5 MM², ANTI-CHAMA 0,6/1,0 KV, PARA CIRCUITOS TERMINAIS - FORNECIMENTO E INSTALAÇÃO. AF_03/2023 | F21: M | G21: 450 | H21: 6.16 | I21: =ROUND(ROUND(H21,2)*(1+J$7),2) -> 7.65 | J21: =ROUND(G21*I21,2) -> 3442.5
B22: 1.2.4 | C22: SINAPI | D22: 91963 | E22: INTERRUPTOR SIMPLES (1 MÓDULO) COM INTERRUPTOR PARALELO (2 MÓDULOS), 10A/250V, INCLUINDO SUPORTE E PLACA - FORNECIMENTO E INSTALAÇÃO. AF_03/2023 | F22: UN | G22: 2 | H22: 100.79 | I22: =ROUND(ROUND(H22,2)*(1+J$7),2) -> 125.17 | J22: =ROUND(G22*I22,2) -> 250.34
B23: 1.2.5 | C23: SINAPI | D23: 93662 | E23: DISJUNTOR BIPOLAR TIPO DIN, CORRENTE NOMINAL DE 20A - FORNECIMENTO E INSTALAÇÃO. AF_07/2025 | F23: UN | G23: 2 | H23: 55.18 | I23: =ROUND(ROUND(H23,2)*(1+J$7),2) -> 68.53 | J23: =ROUND(G23*I23,2) -> 137.06
B24: 1.2.6 | C24: CDHU | D24: 41.02.580 | E24: LÂMPADA LED 13,5W, COM BASE E-27, 1400 ATÉ 1510 LM | F24: UN | G24: 6 | H24: 19.47 | I24: =ROUND(ROUND(H24,2)*(1+J$7),2) -> 24.18 | J24: =ROUND(G24*I24,2) -> 145.08
B25: 1.2.7 | C25: SINAPI | D25: 95801 | E25: CONDULETE DE ALUMÍNIO, TIPO X, PARA ELETRODUTO DE AÇO GALVANIZADO DN 20 MM (3/4''), APARENTE - FORNECIMENTO E INSTALAÇÃO. AF_01/2026 | F25: UN | G25: 10 | H25: 55.45 | I25: =ROUND(ROUND(H25,2)*(1+J$7),2) -> 68.86 | J25: =ROUND(G25*I25,2) -> 688.6
B26: 1.2.8 | C26: SINAPI | D26: 91845 | E26: ELETRODUTO FLEXÍVEL CORRUGADO REFORÇADO, PVC, DN 25 MM (3/4"), PARA CIRCUITOS TERMINAIS, INSTALADO EM LAJE - FORNECIMENTO E INSTALAÇÃO. AF_03/2023 | F26: M | G26: 120 | H26: 9.58 | I26: =ROUND(ROUND(H26,2)*(1+J$7),2) -> 11.9 | J26: =ROUND(G26*I26,2) -> 1428
E28: TOTAL DO ORÇAMENTO | J28: =J16+J18 -> 7973.1
B30: Altamir Roberto Marascalchi Filho - Eng° Civil - CREA 5070622761
B31: e-mail: sms.obras@riopreto.sp.gov.br - (17) 3216-9787

Sheet Comp.
B4: COMPOSIÇÕES ANALITICAS AUXILIARES | H4: =Planilha!I4 -> 46147
B8: Unidade | C8: =Planilha!C7 -> UBS VETORAZZO
B9: Objeto | C9: =Planilha!C8 -> REFORMA DA ILUMINAÇÃO EXTERNA
B10: Local | C10: =Planilha!C9 -> AV. FORTUNATO ERNESTO VETORAZZO, 711
C11: =Planilha!C10 -> JARDIM VETORAZZO | F11: Cidade: | G11: =Planilha!H10 -> SÃO JOSÉ DO RIO PRETO - SP
B14: COMP. 001 | D14: REFLETOR SLIM LED 100W DE POTÊNCIA, BRANCO FRIO, 6500K, AUTOVOLT, MARCA G-LIGHT OU SIMILAR | E14: UN | G14: ORSE | H14: =SUM(H16:H19) -> 92.37
B15: FONTE | C15: CÓDIGO | D15: DESCRIÇÃO DO INSUMO | E15: UNIDADE | F15: COEFICIENTE | G15: CUSTO UNITÁRIO | H15: CUSTO TOTAL
B16: SINAPI | C16: 88264 | D16: ELETRICISTA COM ENCARGOS COMPLEMENTARES | E16: H | F16: 0.5 | G16: 45.53 | H16: =IF(G16=0,"",ROUND(F16*G16,2)) -> 22.77
B17: SINAPI | C17: 88316 | D17: SERVENTE COM ENCARGOS COMPLEMENTARES | E17: H | F17: 0.3 | G17: 31.15 | H17: =IF(G17=0,"",ROUND(F17*G17,2)) -> 9.35
B18: ORSE | C18: 01691/ORSE | D18: PARAFUSO METAL 2 1/2" X 12 P/ BUCHA S-10 | E18: UN | F18: 2 | G18: 0.85 | H18: =IF(G18=0,"",ROUND(F18*G18,2)) -> 1.7
B19: ORSE | C19: 13791/ORSE | D19: REFLETOR SLIM LED 100W DE POTÊNCIA, BRANCO FRIO, 6500K, AUTOVOLT, MARCA G-LIGHT OU SIMILAR | E19: UN | F19: 1 | G19: 58.55 | H19: =IF(G19=0,"",ROUND(F19*G19,2)) -> 58.55
B21: Altamir Roberto Marascalchi Filho - Eng° Civil - CREA 5070622761
B22: e-mail: sms.obras@riopreto.sp.gov.br - (17) 3216-9787

Sheet Cronograma
J3: CRONOGRAMA FÍSICO - FINANCEIRO
B4: UNIDADE: | E4: =Planilha!C7 -> UBS VETORAZZO
B5: OBJETO: | E5: =Planilha!C8 -> REFORMA DA ILUMINAÇÃO EXTERNA | M5: CIDADE: | N5: SÃO JOSÉ DO RIO PRETO - SP
B6: LOCAL: | E6: =Planilha!C9 -> AV. FORTUNATO ERNESTO VETORAZZO, 711 | F6: =Planilha!C10 -> JARDIM VETORAZZO
B7: ITEM | E7: DESCRIÇÃO | F7: VALOR (R$) | G7: % | H7: 1 | K7: 2 | N7: 3 | Q7: 4
H9: R$ | I9: % | J9: %ACUM. | K9: R$ | L9: % | M9: %ACUM. | N9: R$ | O9: % | P9: %ACUM. | Q9: R$ | R9: % | S9: %ACUM.
E10: REFORMA DA ILUMINAÇÃO EXTERNA | F10: =Planilha!J28 -> 7973.1 | G10: =F10/F$12 -> 1 | H10: =$F10*I10% -> 7973.1 | I10: 100 | J10: =I10 -> 100 | K10: =$F10*L10% -> 0 | L10: 0 | M10: =L10+J10 -> 100 | N10: =$F10*O10% -> 0 | O10: 0 | P10: =O10+M10 -> 100 | Q10: =$F10*R10% -> 0 | R10: 0 | S10: =R10+P10 -> 100
B12: TOTAIS | E12: ORÇAMENTO | F12: =SUM(F10:F10) -> 7973.1 | G12: =SUM(G10:G10) -> 1
E13: % EXECUTADO NO PERÍODO | H13: =H15/$F$12 -> 1 | K13: =K15/$F$12 -> 0 | N13: =N15/$F$12 -> 0 | Q13: =Q15/$F$12 -> 0
E14: % ACUMULADO NO PERÍODO | H14: =H13 -> 1 | K14: =K13+H14 -> 1 | N14: =N13+K14 -> 1 | Q14: =Q13+N14 -> 1
E15: VALOR (R$) EXECUTADO NO PERÍODO | H15: =SUM(H10:H10) -> 7973.1 | K15: =SUM(K10:K10) -> 0 | N15: =SUM(N10:N10) -> 0 | Q15: =SUM(Q10:Q10) -> 0
E16: VALOR (R$) ACUMULADO NO PERÍODO | H16: =H15 -> 7973.1 | K16: =K15+H16 -> 7973.1 | N16: =N15+K16 -> 7973.1 | Q16: =Q15+N16 -> 7973.1
H18: Altamir Roberto Marascalchi Filho - Eng° Civil - CREA 5070622761
B19: e-mail: sms.obras@riopreto.sp.gov.br - (17) 3216-9787
